A- EAST
FREDERICKSBURG NATIONALS @ DELMARVA SHOREBIRDS
06/27/2041
 
TOP OF THE 1ST
Fredericksburg Nationals batting - Pitching for Delmarva Shorebirds : RHP Dan Richardson
Pitching: RHP Dan Richardson
Batting: RHB Jesús Balderas 0-0: Called Strike
0-1: Called Strike
0-2: Foul Ball, location: 9LMF
0-2: Strikes out looking
Batting: SHB Randy Elliott 0-0: Called Strike
0-1: Ball
1-1: Swinging Strike
1-2: Ball
2-2: Strikes out looking
Batting: RHB Víctor Peña 0-0: Foul Ball, location: 5SF
0-1: Swinging Strike
0-2: Strikes out swinging
Top of the 1st over - 0 runs, 0 hits, 0 errors, 0 left on base; Fredericksburg 0 - Delmarva 0
BOTTOM OF THE 1ST
Delmarva Shorebirds batting - Pitching for Fredericksburg Nationals : RHP Víctor Peña
Pitching: RHP Víctor Peña
Batting: RHB Pepe Pueblo 0-0: Fly out, F7 (Flyball, 7, EV 94.4 MPH)
Batting: RHB Ron Lee 0-0: Ball
1-0: Ball
2-0: Ball
3-0: Base on Balls
Batting: RHB Orlando Flores 0-0: Ball
1-0: SINGLE (Line Drive, 6M, EV 99.4 MPH)
Ron Lee to second
Batting: RHB Pat Pallister 0-0: Called Strike
0-1: Swinging Strike
0-2: Ball
1-2: Fly out, F7 (Line Drive, 78M, EV 95.0 MPH)
Batting: RHB Walt Baker 0-0: Ball
1-0: Ball
2-0: Foul Ball, location: 9LMF
2-1: Swinging Strike
2-2: Foul Ball, location: 9LSF
2-2: Ball
3-2: Foul Ball, location: 3DF
3-2: Fly out, F7 (Line Drive, 7, EV 90.0 MPH)
Bottom of the 1st over - 0 runs, 1 hit, 0 errors, 2 left on base; Fredericksburg 0 - Delmarva 0
TOP OF THE 2ND
Fredericksburg Nationals batting - Pitching for Delmarva Shorebirds : RHP Dan Richardson
Batting: RHB Mal Norton 0-0: Ball
1-0: Ball
2-0: Called Strike
2-1: Ball
3-1: Swinging Strike
3-2: Base on Balls
Batting: RHB José Gómez 0-0: Called Strike
0-1: Foul Ball, location: 2F
0-2: Ball
1-2: Ball
2-2: Strikes out swinging
Batting: RHB Juan Mateo 0-0: Foul Ball, location: 2F
0-1: Ball
1-1: Foul Ball, location: 2F
1-2: Ball
2-2: Strikes out looking
Batting: RHB Juan Padrel 0-0: Ground out 4-3 (Groundball, 4MS, EV 81.3 MPH)
Top of the 2nd over - 0 runs, 0 hits, 0 errors, 1 left on base; Fredericksburg 0 - Delmarva 0
BOTTOM OF THE 2ND
Delmarva Shorebirds batting - Pitching for Fredericksburg Nationals : RHP Víctor Peña
Batting: SHB Alonso Roca 0-0: Foul Ball, location: 3SF
0-1: Ball
1-1: Ground out 4-3 (Groundball, 4, EV 86.3 MPH)
Batting: RHB Luis Ramos 0-0: Ball
1-0: Ball
2-0: Ball
3-0: Called Strike
3-1: Foul Ball, location: 2F
3-2: Ground out 6-3 (Groundball, 6, EV 108.8 MPH)
Batting: RHB César Rodríguez 0-0: Ball
1-0: SINGLE (Line Drive, 9S, EV 98.8 MPH)
Batting: RHB Carol Vroom 0-0: Called Strike
0-1: Ball
1-1: Called Strike
1-2: Strikes out looking
Bottom of the 2nd over - 0 runs, 1 hit, 0 errors, 1 left on base; Fredericksburg 0 - Delmarva 0
TOP OF THE 3RD
Fredericksburg Nationals batting - Pitching for Delmarva Shorebirds : RHP Dan Richardson
Pitching: RHP Esteban Chacatas
Batting: RHB Kieran Pittman 0-0: Called Strike
0-1: Ground out 6-3 (Groundball, 6M, EV 106.9 MPH)
Batting: LHB Steve Norton 0-0: Ball
1-0: Ball
2-0: Ball
3-0: Called Strike
3-1: SINGLE (Line Drive, 9LS, EV 105.0 MPH)
Batting: RHB Jesús Balderas 0-0: Ground out 6-3 (Groundball, 6S, EV 65.6 MPH)
Steve Norton to second
Batting: SHB Randy Elliott 0-0: Ball
1-0: Swinging Strike
1-1: Ground out 6-3 (Groundball, 6, EV 93.1 MPH)
Top of the 3rd over - 0 runs, 1 hit, 0 errors, 1 left on base; Fredericksburg 0 - Delmarva 0
BOTTOM OF THE 3RD
Delmarva Shorebirds batting - Pitching for Fredericksburg Nationals : RHP Víctor Peña
Batting: RHB Pepe Pueblo 0-0: Bunt for hit to P - play at first, batter OUT! 1-3
Batting: RHB Ron Lee 0-0: Called Strike
0-1: Called Strike
0-2: Ground out 6-3 (Groundball, 6, EV 90.0 MPH)
Batting: RHB Orlando Flores 0-0: Ground out U3 (Groundball, 34, EV 78.8 MPH)
Bottom of the 3rd over - 0 runs, 0 hits, 0 errors, 0 left on base; Fredericksburg 0 - Delmarva 0
TOP OF THE 4TH
Fredericksburg Nationals batting - Pitching for Delmarva Shorebirds : RHP Esteban Chacatas
Batting: RHB Víctor Peña 0-0: SINGLE (Line Drive, 7LS, EV 95.6 MPH)
Batting: RHB Mal Norton 0-0: Ball
1-0: Called Strike
1-1: Foul Ball, location: 9LDF
1-2: Strikes out looking
Batting: RHB José Gómez 0-0: Called Strike
0-1: Fly out, F8 (Flyball, 8LD, EV 110.6 MPH)
Batting: RHB Juan Mateo 0-0: Called Strike
0-1: Ground out 5-3 (Groundball, 15, EV 83.1 MPH)
Top of the 4th over - 0 runs, 1 hit, 0 errors, 1 left on base; Fredericksburg 0 - Delmarva 0
BOTTOM OF THE 4TH
Delmarva Shorebirds batting - Pitching for Fredericksburg Nationals : RHP Víctor Peña
Batting: RHB Pat Pallister 0-0: Ball
1-0: Foul Ball, location: 9LMF
1-1: Foul Ball, location: 25F
1-2: Ball
2-2: SINGLE (Line Drive, 8LS, EV 95.0 MPH)
Batting: RHB Walt Baker 0-0: Called Strike
0-1: Ball
1-1: Ball
2-1: Foul Ball, location: 2F
2-2: Foul Ball, location: 2F
2-2: Foul Ball, location: 9LDF
2-2: Foul Ball, location: 9LDF
2-2: Fly out, F8 (Flyball, 8RM, EV 98.8 MPH)
Batting: SHB Alonso Roca 0-0: Ball
1-0: Ball
2-0: Foul Ball, location: 7LSF
2-1: SINGLE (Line Drive, 6M, EV 96.9 MPH)
Pat Pallister to second
Batting: RHB Luis Ramos 0-0: Ball
1-0: Fly out, F8 (Flyball, 89S, EV 82.5 MPH)
Batting: RHB César Rodríguez 0-0: Fly out, F8 (Line Drive, 89M, EV 108.8 MPH)
Bottom of the 4th over - 0 runs, 2 hits, 0 errors, 2 left on base; Fredericksburg 0 - Delmarva 0
TOP OF THE 5TH
Fredericksburg Nationals batting - Pitching for Delmarva Shorebirds : RHP Esteban Chacatas
Pinch Hitting: SHB Jerry Glass 0-0: Ball
1-0: Swinging Strike
1-1: Foul Ball, location: 7LMF
1-2: Strikes out swinging
Batting: RHB Kieran Pittman 0-0: Called Strike
0-1: Foul Ball, location: 3FF
0-2: Ground out 3-1 (Groundball, 34, EV 88.1 MPH)
Batting: LHB Steve Norton 0-0: Called Strike
0-1: Swinging Strike
0-2: Strikes out looking
Top of the 5th over - 0 runs, 0 hits, 0 errors, 0 left on base; Fredericksburg 0 - Delmarva 0
BOTTOM OF THE 5TH
Delmarva Shorebirds batting - Pitching for Fredericksburg Nationals : RHP Víctor Peña
Now at 2B: José Gómez
Now in LF: Jerry Glass
Now in RF: Randy Elliott
Batting: RHB Carol Vroom 0-0: Called Strike
0-1: Ball
1-1: SINGLE (Line Drive, 7LS, EV 94.4 MPH)
Batting: RHB Pepe Pueblo 0-0: Ball
1-0: Sac Bunt to 13S - play at first, batter OUT! 1-4
Carol Vroom to second
Batting: RHB Ron Lee 0-0: Ball
1-0: Ball
2-0: Fly out, F7 (Flyball, 78D, EV 110.6 MPH)
Batting: RHB Orlando Flores 0-0: Ball
1-0: Ball
2-0: Ball
3-0: Called Strike
3-1: Fly out, F3 (Popup, 34, EV 63.8 MPH)
Bottom of the 5th over - 0 runs, 1 hit, 0 errors, 1 left on base; Fredericksburg 0 - Delmarva 0
TOP OF THE 6TH
Fredericksburg Nationals batting - Pitching for Delmarva Shorebirds : RHP Esteban Chacatas
Batting: RHB Jesús Balderas 0-0: Ball
1-0: Called Strike
1-1: Called Strike
1-2: Ball
2-2: Strikes out looking
Batting: SHB Randy Elliott 0-0: Ball
1-0: Called Strike
1-1: Called Strike
1-2: Foul Ball, location: 7LMF
1-2: Ground out 4-3 (Groundball, 4, EV 85.6 MPH)
Batting: RHB Víctor Peña 0-0: Ball
1-0: Foul Ball, location: 2LF
1-1: Swinging Strike
1-2: Ball
2-2: Foul Ball, location: 9LMF
2-2: Ball
3-2: Base on Balls
Batting: RHB Mal Norton 0-0: Called Strike
0-1: Ball
1-1: Foul Ball, location: 3SF
1-2: TRIPLE (Flyball, 78XD, EV 108.8 MPH)
Víctor Peña scores
Pinch Runner at 3rd Orlando Jiménez:
Batting: RHB José Gómez 0-0: Ball
1-0: Ball
2-0: Foul Ball, location: 2F
2-1: Ball
3-1: Called Strike
3-2: Foul Ball, location: 2F
3-2: Ground out U3 (Groundball, 3S, EV 85.6 MPH)
Top of the 6th over - 1 run, 1 hit, 0 errors, 1 left on base; Fredericksburg 1 - Delmarva 0
BOTTOM OF THE 6TH
Delmarva Shorebirds batting - Pitching for Fredericksburg Nationals : RHP Víctor Peña
Now at 3B: Mike Webb
Batting: RHB Pat Pallister 0-0: Ball
1-0: Called Strike
1-1: Ball
2-1: Ball
3-1: Foul Ball, location: 2F
3-2: SINGLE (Flyball, 34D, EV 85.6 MPH)
Pitching: RHP Von Wilson
Batting: RHB Walt Baker 0-0: Called Strike
0-1: Ground out 5-3 (Groundball, 56S, EV 85.6 MPH)
Pat Pallister to second
Batting: SHB Alonso Roca 0-0: Ball
1-0: Ball
2-0: Ball
3-0: Base on Balls
Pinch Hitting: LHB Mauro Castro 0-0: Ball
1-0: Called Strike
1-1: Fly out, F8 (Flyball, 78D, EV 106.3 MPH)
Pinch Hitting: LHB Greg Ricks 0-0: Called Strike
0-1: Ground out U3 (Groundball, 3, EV 85.0 MPH)
Bottom of the 6th over - 0 runs, 1 hit, 0 errors, 2 left on base; Fredericksburg 1 - Delmarva 0
TOP OF THE 7TH
Fredericksburg Nationals batting - Pitching for Delmarva Shorebirds : RHP Esteban Chacatas
Now at 1B: Mauro Castro
Now at 2B: Ron Lee
Now at 3B: José Tavárez
Batting: RHB Juan Mateo 0-0: Bunt for hit to 13S - play at first, batter OUT! 1-3
Batting: SHB Jerry Glass 0-0: Ball
1-0: Ball
2-0: Ball
3-0: Called Strike
3-1: Foul Ball, location: 3F
3-2: Foul Ball, location: 2F
3-2: Strikes out swinging
Batting: RHB Kieran Pittman 0-0: Ball
1-0: Foul Ball, location: 5DF
1-1: Ball
2-1: Swinging Strike
2-2: Strikes out swinging
Top of the 7th over - 0 runs, 0 hits, 0 errors, 0 left on base; Fredericksburg 1 - Delmarva 0
BOTTOM OF THE 7TH
Delmarva Shorebirds batting - Pitching for Fredericksburg Nationals : RHP Von Wilson
Batting: RHB Carol Vroom 0-0: Ball
1-0: Called Strike
1-1: Ball
2-1: Ball
3-1: Foul Ball, location: 2F
3-2: Foul Ball, location: 2LF
3-2: Strikes out looking
Pinch Hitting: SHB Mike Johnston 0-0: Foul Ball, location: 2F
0-1: Swinging Strike
0-2: Strikes out swinging
Batting: RHB Ron Lee 0-0: Called Strike
0-1: SINGLE (Line Drive, 8RS, EV 93.1 MPH)
Batting: RHB Orlando Flores 0-0: Swinging Strike
0-1: Ball
1-1: Swinging Strike
1-2: Ball
2-2: Foul Ball, location: 2F
2-2: Strikes out looking
Bottom of the 7th over - 0 runs, 1 hit, 0 errors, 1 left on base; Fredericksburg 1 - Delmarva 0
TOP OF THE 8TH
Fredericksburg Nationals batting - Pitching for Delmarva Shorebirds : RHP Esteban Chacatas
Now in RF: Eric Mueller
Batting: LHB Steve Norton 0-0: Called Strike
0-1: Swinging Strike
0-2: Foul Ball, location: 7LMF
0-2: Ball
1-2: Foul Ball, location: 2F
1-2: Ball
2-2: Strikes out swinging
Pinch Hitting: RHB Lonnie Dillard 0-0: SINGLE (Groundball, 34D, EV 103.1 MPH)
Batting: SHB Randy Elliott 0-0: Ball
1-0: Foul Ball, location: 2F
1-1: Ball
2-1: Swinging Strike
2-2: Strikes out swinging
Batting: RHB Víctor Peña 0-0: Called Strike
Lonnie Dillard is caught stealing 2nd base 2-4
Top of the 8th over - 0 runs, 1 hit, 0 errors, 0 left on base; Fredericksburg 1 - Delmarva 0
BOTTOM OF THE 8TH
Delmarva Shorebirds batting - Pitching for Fredericksburg Nationals : RHP Von Wilson
Now in CF: Aurelio Martínez
Batting: RHB Pat Pallister 0-0: Called Strike
0-1: Swinging Strike
0-2: Foul Ball, location: 25FF
0-2: Strikes out swinging
Batting: RHB Walt Baker 0-0: Called Strike
0-1: Swinging Strike
0-2: Strikes out swinging
Batting: SHB Alonso Roca 0-0: Ball
1-0: Foul Ball, location: 2F
1-1: Ground out U3 (Groundball, 3, EV 101.9 MPH)
Bottom of the 8th over - 0 runs, 0 hits, 0 errors, 0 left on base; Fredericksburg 1 - Delmarva 0
TOP OF THE 9TH
Fredericksburg Nationals batting - Pitching for Delmarva Shorebirds : RHP Esteban Chacatas
Pitching: RHP José Moreno
Batting: RHB Víctor Peña 0-0: Called Strike
0-1: Foul Ball, location: 3DF
0-2: Foul Ball, location: 25F
0-2: Ball
1-2: Strikes out swinging
Batting: RHB Mike Webb 0-0: Ball
1-0: Ground out 1-3 (Groundball, 13, EV 76.3 MPH)
Pinch Hitting: LHB Dave Lewis 0-0: Swinging Strike
0-1: Swinging Strike
0-2: Ball
1-2: Strikes out swinging passed ball, reaches first!
Pinch Hitting: LHB Phil Stanley 0-0: Ball
1-0: Ball
2-0: Called Strike
2-1: Foul Ball, location: 7LDF
2-2: Strikes out looking
Top of the 9th over - 0 runs, 0 hits, 0 errors, 1 left on base; Fredericksburg 1 - Delmarva 0
BOTTOM OF THE 9TH
Delmarva Shorebirds batting - Pitching for Fredericksburg Nationals : RHP Von Wilson
Pitching: LHP Ernesto Beltrán
Now at 1B: Mike González
Now at 2B: Juan Ramírez
Now at SS: Esteban Gonzáles
Now in LF: Randy Elliott
Now in CF: Aurelio Martínez
Now in RF: Jerry Campoamor
Pinch Hitting: RHB Tony Zamora 0-0: Called Strike
0-1: Foul Ball, location: 9LMF
0-2: Ball
1-2: Strikes out swinging
Batting: RHB José Tavárez 0-0: Called Strike
0-1: Ball
1-1: Foul Ball, location: 2F
1-2: Ball
2-2: Strikes out swinging
Pinch Hitting: RHB José Ortega 0-0: Called Strike
0-1: Ball
1-1: Swinging Strike
1-2: Ball
2-2: Strikes out swinging
Bottom of the 9th over - 0 runs, 0 hits, 0 errors, 0 left on base; Fredericksburg 1 - Delmarva 0
Monday, April 1st , 2024 - OOTP Baseball 24.10 Build 82